Map: Ley Lines

Players

Vaisravana

  • Race: Protoss Protoss
  • Spawn Location: 1:00

kitune - Winner!

  • Race: Zerg Zerg
  • Spawn Location: 7:00

VOD

Have the link to the VOD?

Description

Time

  • Played on: June 17, 2025, 4:34 p.m.
  • Length: 7:32
Show
View Real Time Build Order
Export as new Build Order

Vaisravana Protoss 

Build Orders: 1 Gate Expand, Zealot Archon, Archon Drop, Dark Templar Rush 

Get SALT Encoding   

  12  0:00  Probe  
  13  0:12  Probe  
  14  0:18  Pylon  
  14  0:24  Probe  
  15  0:34  Probe  
  15  0:38  Gateway  
  15  0:42  Probe  
  16  0:48  Assimilator  
  17  0:51  Probe  
  18  1:03  Probe  
  19  1:15  Probe  
  20  1:25  Cybernetics Core  
  20  1:35  Nexus  
  20  1:38  Probe  
  21  1:45  Pylon  
  21  1:50  Probe  
  21  1:53  Adept, Assimilator  
  24  2:10  Cybernetics Core  
  24  2:12  Stalker  
  24  2:13  Probe  
  24  2:15  Warp Gate  
  25  2:27  Probe  
  28  2:39  Probe  
  28  2:43  Adept  
  31  2:48  Probe  
  32  2:51  Probe  
  32  2:53  Twilight Council  
  33  3:00  Probe  
  33  3:01  Robotics Facility  
  33  3:03  Probe  
  35  3:12  Probe  
  36  3:15  Probe  
  37  3:24  Probe  
  38  3:28  Probe  
  38  3:31  Dark Shrine  
  39  3:34  Gateway  
  39  3:36  Probe  
  39  3:39  Gateway  
  39  3:40  Probe  
  41  3:43  Warp Prism  
  41  3:48  Probe  
  41  3:52  Probe  
  45  3:58  Pylon  
  45  4:01  Probe  
  46  4:10  Assimilator  
  46  4:11  Pylon  
  46  4:16  Probe  
  47  4:23  Probe  
  48  4:27  Pylon  
  48  4:28  Probe  
  48  4:30  Charge  
  49  4:37  Probe  
  50  4:40  Probe  
  50  4:42  Dark Templar  
  50  4:43  Dark Templar x2  
  57  4:55  Pylon  
  57  5:07  Gateway  
  57  5:08  Gateway  
  57  5:11  Gateway  
  57  5:18  Gateway  
  57  5:21  Gateway  
  57  5:26  Archon  
  57  5:29  Dark Templar  
  57  5:30  Dark Templar  
  57  5:31  Dark Templar  
  57  5:33  Archon  
  63  5:36  Archon  
  63  5:49  Pylon x2  
  63  6:01  Zealot x2  
  63  6:02  Zealot  
  69  6:06  Zealot x2  
  69  6:07  Zealot  
  75  6:20  Zealot  
  75  6:21  Zealot x3  
  81  6:30  Zealot x3  
  81  6:31  Zealot  
  65  6:46  Zealot x4  
  56  6:53  Zealot  
  56  6:54  Zealot x3  
  44  7:06  Zealot x3  
  44  7:07  Zealot  
Show
View Real Time Build Order
Export as new Build Order

kitune Zerg - Winner!

Build Orders: Pool First 

Get SALT Encoding   

  12  0:01  Drone  
  13  0:12  Overlord  
  13  0:17  Drone  
  14  0:31  Drone x2  
  16  0:41  Spawning Pool  
  15  0:45  Drone  
  15  0:49  Drone  
  17  1:08  Hatchery  
  16  1:11  Drone  
  16  1:15  Extractor  
  16  1:28  Zergling x2  
  16  1:29  Zergling x4  
  19  1:36  Queen  
  21  1:40  Drone  
  22  1:50  Overlord  
  22  2:09  Drone  
  22  2:12  Queen, Drone  
  26  2:17  Metabolic Boost  
  26  2:21  Drone  
  27  2:24  Drone  
  27  2:39  Drone x2  
  27  2:42  Queen  
  31  2:53  Lair  
  31  2:57  Extractor  
  30  2:59  Overlord  
  30  3:03  Drone  
  31  3:11  Drone x3  
  34  3:23  Drone x5  
  39  3:29  Spore Crawler  
  38  3:35  Overlord  
  38  3:47  Extractor  
  37  3:52  Spire  
  37  3:53  Drone  
  37  3:54  Drone x2  
  39  4:00  Overseer  
  39  4:03  Drone x3  
  39  4:05  Drone  
  43  4:17  Overlord  
  43  4:28  Overseer  
  43  4:31  Zergling x6  
  47  4:38  Zergling x2  
  47  4:45  Drone x2  
  48  4:46  Drone  
  48  4:47  Drone  
  48  4:48  Drone x2  
  53  4:53  Extractor  
  53  4:57  Drone x3  
  53  4:59  Overlord x2  
  55  5:07  Burrow  
  55  5:32  Evolution Chamber  
  54  5:38  Evolution Chamber  
  54  5:40  Evolution Chamber  
  54  5:41  Spine Crawler  
  51  5:43  Spine Crawler  
  51  5:45  Spine Crawler  
  51  5:47  Spine Crawler  
  51  5:49  Mutalisk x6, Spine Crawler  
  49  5:50  Mutalisk  
  49  5:52  Spine Crawler  
  60  5:58  Zergling x2  
  60  5:59  Zergling x6  
  52  6:42  Zergling x12  
  48  6:53  Zergling x2  
  48  6:54  Zergling x2  
  48  7:01  Zergling x2  
  41  7:11  Zergling x2  
  41  7:12  Zergling x2  
Tags
 
Add a new tag
Caveats
  • Supply blocks, unpowered buildings, or Contaminate may cause inaccurate times.
  • Supply counts are checked every 10 seconds.